cohdb
Replays
Latest Replays
All Replays
Popular Replays
Top Player Replays
Match Explorer
How It Works
Community
CoH3 Stats
Reddit
Sign in to upload your games and track your stats! ā
Sign in with Steam
tf of allied players when abuse doesn't work š¤”
Match 31577655
Overview
Messages
Build Orders
End
Pioneer Squad
Construct Infanterie Kompanie
Grenadier Squad
Grenadier Squad
GrW 34 Mortar Team
Construct Panzergrenadier Kompanie
Medical Station
Pak 40 Anti-tank Gun Team
Selects Luftwaffe Battlegroup
Selects Stuka Strafing Run
Selects FallschirmjƤger Squad Paradrop
Panzergrenadier Squad
Panzergrenadier Squad
Stuka Strafing Run
Panzergrenadier Officer Quarters
Construct Panzer Kompanie
Stuka Strafing Run
Selects Stuka Loiter
Panzer IV Medium Tank
Selects Luftwaffe Pioneer Support
Selects Flak 38 Anti-Air Emplacement
Panzer IV Medium Tank
Pak 40 Anti-tank Gun Team
Selects Infantry Reserves
Pak 40 Anti-tank Gun Team
Stuka Loiter
Stuka Strafing Run
Panzer IV Medium Tank
Stuka Strafing Run
Pak 40 Anti-tank Gun Team
Panzer IV Medium Tank
Stuka Loiter
Side Skirts
Stuka Loiter
Stuka Strafing Run
Panzer IV Medium Tank
Pioneer Squad
251 Medium Carrier
Support Elements
Stuka Loiter
Pak 40 Anti-tank Gun Team
Evelynn
Barrow-downs
aSIISymbiosis
*Mule
0
0
Comments
sign in to comment!
No comments posted yet!